 Dungeon Crawl Stone Soup version 0.27.1 (webtiles) character file.

Game seed: 17546614489479359463

1839 Golfball the Grappler (level 8, -5/80 HPs)
             Began as a Troll Monk on Aug 25, 2021.
             Slain by a hornet (6 damage)
             ... on level 6 of the Dungeon.
             The game lasted 00:12:48 (4231 turns).

Golfball the Grappler (Troll Monk)                  Turns: 4231, Time: 00:12:49

Health: -5/80      AC:  7    Str: 31    XL:     8   Next: 87%
Magic:  7/7        EV: 10    Int:  6    God:
Gold:   383        SH:  0    Dex: 12    Spells: 7/7 levels left

rFire    x . .     SeeInvis .     - Unarmed
rCold    . . .     Faith    .   (no shield)
rNeg     . . .     Spirit   .   a - +0 robe
rPois    .         Reflect  .   (helmet restricted)
rElec    .         Harm     .   C - +2 cloak of Absolutism {rF- Str+9}
rCorr    .         Rampage  .   (gloves unavailable)
Will     .....                  (boots unavailable)
Stlth    ++........             (no amulet)
HPRegen  1.23/turn              u - ring of flight
MPRegen  0.10/turn              (no ring)

@: lethally poisoned (-5 -> -5), flying, slowed, very slow
A: large, unfitting armour, claws 3, regeneration 1, shaggy fur 1, tough skin 1
a: no special abilities


You were on level 6 of the Dungeon.
You visited 1 branch of the dungeon, and saw 6 of its levels.
You also visited: Ossuary.

You collected 383 gold pieces.

Inventory:

Hand Weapons
 f - a +0 hand axe
 q - a +2 hunting sling of freezing
 G - a +0 flail
Missiles
 h - 4 boomerangs of dispersal
 i - 138 stones
 m - 8 boomerangs (quivered)
 r - 15 poisoned darts
 B - 74 sling bullets
 D - 5 atropa-tipped darts
Armour
 a - a +0 robe (worn)
 o - a +0 cloak
 C - the +2 cloak of Absolutism (worn) {rF- Str+9}
   (You found it in an ossuary)

   Str:       It affects your strength (+9).
   rF:        It makes you vulnerable to fire.
Jewellery
 u - a ring of flight (left claw)
Wands
 g - a wand of mindburst (11)
 p - a wand of iceblast (5)
 w - a wand of acid (9)
Scrolls
 b - 2 scrolls of immolation {unknown}
 e - 2 scrolls of fog {unknown}
 k - a scroll of vulnerability {unknown}
 l - 3 scrolls of magic mapping
 x - a scroll of teleportation {unknown}
 y - 2 scrolls of noise {unknown}
 F - a scroll of enchant armour {unknown}
 H - a scroll of blinking {unknown}
Potions
 c - a potion of brilliance {unknown}
 d - a potion of mutation {unknown}
 j - 2 potions of berserk rage
 n - a potion of flight {unknown}
 s - 2 potions of lignification {unknown}
 t - a potion of resistance {unknown}
 v - 4 potions of curing
 z - a potion of attraction {unknown}
 A - 2 potions of invisibility
 E - a potion of haste {unknown}


   Skills:
 - Level 5.0 Fighting
 - Level 5.5 Maces & Flails
 + Level 0.0 Slings
 - Level 2.4 Dodging
 - Level 1.0 Stealth
 + Level 8.8 Unarmed Combat


You had 7 spell levels left.
You didn't know any spells.
Your spell library contained the following spells:

 Spells                   Type           Power      Damage    Failure   Level
 Sting                    Tmut/Pois      0%         1d3       45%         1
 Poisonous Vapours        Pois/Air       0%         N/A       58%         2
 Hailstorm                Conj/Ice       0%         3d3       99%         4
 Ice Form                 Ice/Tmut       0%         N/A       99%         4
 Olgreb's Toxic Radiance  Pois           0%         N/A       99%         4
 Simulacrum               Ice/Necr       0%         N/A       100%        6


Dungeon Overview and Level Annotations

Branches:
Dungeon (6/15)            Ossuary (visited)
 Temple: D:4-7

Altars:
Makhleb
Trog
Vehumet
Yredelemnul
Zin


Innate Abilities, Weirdness & Mutations

You are too large for most types of armour.
You have claws for hands.
Your natural rate of healing is unusually fast.
You are covered in fur. (AC +1)
You have tough skin. (AC +1)


Message History

You barely miss the hornet. You claw the hornet.
The hornet is lightly wounded.
The hornet stings you but does no damage.
You barely miss the hornet.
The hornet is lightly wounded.
The hornet stings you.
You are poisoned.
You feel yourself slow down.
You feel very sick. The hornet stings you!
You suddenly lose the ability to move!
The hornet stings you.
You feel as though you will be slow longer.
You feel sick. The hornet stings you!
You are more poisoned.
You shrug off the repeated paralysis!
You can move again.
You feel very sick. The hornet closely misses you.
You feel very sick. The hornet stings you.
You feel as though you will be slow longer.
You feel sick. The hornet barely misses you.
The hornet stings you but does no damage.
You feel sick. The hornet stings you!
* * * LOW HITPOINT WARNING * * *
You are more poisoned.
You feel as though you will be slow longer.
You feel very sick. The hornet stings you!
* * * LOW HITPOINT WARNING * * *
You feel as though you will be slow longer.
The yak gores you but does no damage.
The scorpion stings you but does no damage.
* * * LOW HITPOINT WARNING * * *
You feel very sick.
The hornet stings you but does no damage.
The scorpion stings you but does no damage.
* * * LOW HITPOINT WARNING * * *
You feel sick. The hornet stings you.
You die...

#..........#
#........#.......
#..##..##.#....
##....# #.#... ##..##
#.#.. #s## #.#.# ## #
#.#####.#(# .. #
#.#....Y..######.## #
###.......y@..[......
#
#........s.........###
#.###)#......####....
#. #.#.......####.##
#.#.## #
#..............#
#.....
#####.....###..#
###.## ##...##
#..######. ##.##
#......... #.#
##.#########


You could see a yak, a hornet and a scorpion.

Vanquished Creatures
  Menkaure (D:4)
  A water moccasin (D:5)
  A hornet zombie (D:5)
  A sky beast (D:4)
  A black bear (D:4)
  A necrophage (D:5)
  2 ogres
  4 elf zombies (Ossuary)
  2 water moccasin skeletons (D:5)
  A howler monkey (D:4)
  A human zombie (Ossuary)
  A bullfrog zombie (D:5)
  A jelly (D:5)
  2 hounds
  An orc priest (D:5)
  A bullfrog skeleton (D:5)
  An iguana (D:5)
  Ijyb (D:3)
  3 orc wizards
  3 hound zombies (Ossuary)
  A hound skeleton (D:3)
  4 mummies (Ossuary)
  8 gnolls
  5 adders
  3 ufetubi
  A worm (D:3)
  An adder skeleton (D:4)
  2 dart slugs
  8 orcs
  6 endoplasms
  4 giant cockroaches
  6 hobgoblins
  8 jackals (D:1)
  9 quokkas
  5 ball pythons
  5 bats
  2 frilled lizards (D:1)
  A gnoll zombie (Ossuary)
  5 goblins
  A jackal zombie (Ossuary)
  7 kobolds
  7 rats
  2 rat zombies (Ossuary)
131 creatures vanquished.

Vanquished Creatures (others)
  A wizard (D:4)
1 creature vanquished.

Grand Total: 132 creatures vanquished

Notes
Turn   | Place    | Note
-------+----------+-------------------------------------------
     0 | D:1      | Golfball the Troll Monk began the quest for the Orb.
     0 | D:1      | Reached XP level 1. HP: 22/22 MP: 0/0
   203 | D:1      | Reached XP level 2. HP: 29/29 MP: 1/1
   780 | D:1      | Reached XP level 3. HP: 37/37 MP: 2/2
  1423 | D:2      | Reached skill level 4 in Unarmed Combat
  1426 | D:2      | Reached XP level 4. HP: 44/45 MP: 3/3
  1614 | D:3      | Noticed Ijyb
  1620 | D:3      | Killed Ijyb
  1635 | D:3      | Found a basalt altar of Yredelemnul.
  1640 | D:3      | Reached XP level 5. HP: 54/54 MP: 4/4
  2299 | D:4      | Reached skill level 5 in Unarmed Combat
  2310 | D:4      | Reached XP level 6. HP: 62/62 MP: 5/5
  2408 | D:4      | Found a bloodstained altar of Trog.
  2436 | D:4      | Found a sand-covered staircase.
  2444 | Ossuary  | Entered an ossuary
  2671 | Ossuary  | Reached skill level 5 in Fighting
  2671 | Ossuary  | Reached skill level 6 in Unarmed Combat
  2671 | Ossuary  | Reached XP level 7. HP: 45/72 MP: 6/6
  2697 | Ossuary  | Reached skill level 1 in Maces & Flails
  2853 | Ossuary  | Identified the +2 cloak of Absolutism {rF- Str+9}
  2975 | D:4      | Noticed Menkaure
  2984 | D:4      | Killed Menkaure
  3100 | D:4      | Reached skill level 7 in Unarmed Combat
  3189 | D:4      | Noticed a wizard
  3192 | D:4      | Killed a wizard
  3349 | D:4      | Reached XP level 8. HP: 74/80 MP: 7/7
  3437 | D:5      | Entered Level 5 of the Dungeon
  3613 | D:5      | Found a radiant altar of Vehumet.
  3616 | D:5      | Found a burning altar of Makhleb.
  3621 | D:5      | Found a glowing silver altar of Zin.
  3687 | D:5      | Reached skill level 8 in Unarmed Combat
  3822 | D:5      | Reached skill level 5 in Maces & Flails
  4213 | D:6      | Noticed a hornet
  4223 | D:6      | Paralysed by a hornet for 2 turns
  4229 | D:6      | HP: 4/80 [hornet (14)]
  4230 | D:6      | HP: 1/80 [poisoned by a hornet]
  4231 | D:6      | Slain by a hornet

Illustrated notes

Levels and vault maps discovered:
D:1:      nzn_arrival_water_spiral, layout_basic
D:2:      layout_loops_cross, kennysheep_cross_room
D:3:      layout_loops_ring, mainiacjoe_overflow_tiny_flanked, uniq_ijyb
D:4:      layout_basic, trog_wizard, chequers_ossuary_entry_cave,
          grunt_ministairs_10, uniq_menkaure
D:5:      layout_loops_ring, grunt_temple_overflow_diamond
D:6:      minmay_spotlight, layout_loops_ring, tgw_sif,
          nzn_wu_jian_council_hall, kennysheep_little_box, st_stairs_5

Skill      XL: |  1  2  3  4  5  6  7  8 |
---------------+-------------------------+-----
Fighting       | 3 4 5 |  5.0
Unarmed Combat | 4 5 6 7 8 |  8.8
Maces & Flails | 3 5 |  5.5
Dodging        | |  2.4
Stealth        | |  1.0

Action                   |  1- 3 |  4- 6 |  7- 9 || total
-------------------------+-------+-------+-------++-------
Melee: Unarmed           |    79 |   168 |   137 ||   384
       Punch             |     3 |     3 |     4 ||    10
Throw: Boomerang         |       |     1 |     2 ||     3
Evoke: Wand              |       |     2 |       ||     2
  Use: Scroll            |       |     2 |     3 ||     5
 Stab: Sleeping          |     3 |     1 |     2 ||     6
Armor: Robe              |    19 |    73 |    43 ||   135
Dodge: Dodged            |    33 |   109 |    60 ||   202
